 Dungeon Crawl Stone Soup version 0.26-a0-812-g31a745ddcd (webtiles) character file.

Game seed: 12276158276198095575

40 nicanaca0 the Digger (level 3, 0/20 HPs)
             Began as a Gargoyle Earth Elementalist on Nov 21, 2020.
             Slain by Terence
             ... wielding a +2 vorpal flail
              (2 damage)
             ... on level 2 of the Dungeon.
             The game lasted 00:03:38 (1078 turns).

nicanaca0 the Digger (Gargoyle Earth Elementalist)  Turns: 1078, Time: 00:03:38

Health: 0/20       AC:  7    Str: 17    XL:     3   Next: 50%
Magic:  1/6        EV: 12    Int: 16    God:
Gold:   31         SH:  0    Dex: 10    Spells: 5/6 levels left

rFire    . . .     SeeInvis .   b - +2 hunting sling (freeze)
rCold    . . .     Faith    .   (no shield)
rNeg     + . .     Spirit   .   c - +0 robe
rPois    ∞         Reflect  .   (no helmet)
rElec    +         Harm     .   e - +0 cloak
rCorr    .         Rampage  .   (no gloves)
MR       .....                  j - +0 pair of boots
Stlth    ++........             (no amulet)
HPRegen  0.06/turn              h - +6 ring of strength
MPRegen  0.10/turn              (no ring)

@: no status effects
A: negative energy resistance 1, electricity resistance, unbreathing,
petrification resistance, rot immunity, AC +3
a: no special abilities


You were on level 2 of the Dungeon.
You visited 1 branch of the dungeon, and saw 2 of its levels.

You collected 31 gold pieces.

Inventory:

Hand Weapons
 b - a +2 hunting sling of freezing (weapon)
 d - a +0 dagger
Missiles
 i - 2 sling bullets (quivered)
 l - 31 stones
Armour
 c - a +0 robe (worn)
 e - a +0 cloak (worn)
 j - a +0 pair of boots (worn)
Jewellery
 h - a +6 ring of strength (left hand)
Scrolls
 g - a scroll of remove curse {unknown}
 k - a scroll of enchant weapon {unknown}
Potions
 a - a potion of magic


   Skills:
 + Level 1.2 Fighting
 - Level 1.5 Dodging
 + Level 2.7 Stealth
 + Level 2.3 Spellcasting
   Level 0.7 Transmutations
 * Level 4.4 Earth Magic


You had 5 spell levels left.
You knew the following spells:

 Your Spells              Type           Power        Failure   Level
a - Sandblast             Erth           ###...       3%          1

Your spell library contained the following spells:

 Spells                   Type           Power        Failure   Level
 Passwall                 Tmut/Erth      ##......     11%         2
 Stone Arrow              Conj/Erth      #.....       24%         3
 Petrify                  Tmut/Erth      ##......     56%         4
 Lee's Rapid Deconstruct  Erth           ###.......   65%         5


Dungeon Overview and Level Annotations

Branches:
Dungeon (2/15)

Altars:

Annotations:
D:2 Terence


Innate Abilities, Weirdness & Mutations

You are resistant to torment.
Your stone body is resilient. (AC +3)
You are immune to poison.
You resist negative energy. (rN+)
You are resistant to electric shocks. (rElec)
You can survive without breathing.
You are immune to petrification.
You are immune to rotting.


Message History

Press: ? - help, Shift-Dir - straight line, f/p - Terence
Aim: Terence, wielding a +2 vorpal flail and wearing a +3 chain mail of magic resistance (almost dead)
You shoot a sling bullet.
The sling bullet hits Terence but does no damage.
Terence is almost dead.
Terence closely misses you.
Firing (i - inventory. (/) - cycle)
i - 4 sling bullets (quivered)
Press: ? - help, Shift-Dir - straight line, f/p - Terence
Aim: Terence, wielding a +2 vorpal flail and wearing a +3 chain mail of magic resistance (almost dead)
You shoot a sling bullet.
The sling bullet closely misses Terence.
Terence hits you but does no damage.
Firing (i - inventory. (/) - cycle)
i - 3 sling bullets (quivered)
Press: ? - help, Shift-Dir - straight line, f/p - Terence
Aim: Terence, wielding a +2 vorpal flail and wearing a +3 chain mail of magic resistance (almost dead)
You shoot a sling bullet.
The sling bullet closely misses Terence.
Terence hits you with a +2 vorpal flail!
* * * LOW HITPOINT WARNING * * *
You die...

...........#.# (..(.((
........##.#.# .......
...........#.#
#....(##############.#
#.....#...........##.#
#..(..#.#########.##.#
#.(...#.# #.##.#
#...†@#.# #.##.#
+.....@.# #.##.##
#.....### #.....#
#..... ####### #.....
######


You could see Terence.

Vanquished Creatures
  2 dart slugs (D:1)
  2 leopard geckos (D:1)
  7 bats (D:1)
  A giant cockroach (D:1)
  3 hobgoblins (D:1)
  4 jackals (D:2)
  4 kobolds (D:1)
  A ball python (D:1)
  5 goblins (D:1)
  3 rats (D:1)
32 creatures vanquished.

Notes
Turn   | Place    | Note
-------+----------+-------------------------------------------
     0 | D:1      | nicanaca0 the Gargoyle Earth Elementalist began the quest
                  | for the Orb.
     0 | D:1      | Reached XP level 1. HP: 10/10 MP: 3/3
    95 | D:1      | Reached XP level 2. HP: 16/16 MP: 0/5
   260 | D:1      | Reached skill level 4 in Earth Magic
   473 | D:1      | Reached skill level 1 in Fighting
   599 | D:1      | Reached XP level 3. HP: 20/20 MP: 4/6
  1058 | D:2      | Noticed Terence
  1078 | D:2      | Slain by Terence

Illustrated notes

Levels and vault maps discovered:
D:1:      sevenhm_arrival_forest_fort_small_3, layout_basic, minmay_3d_cube
D:2:      layout_basic, yredelemnul_forgotten_temple_becter, fountainhead,
          fedhas_altar_2, uniq_terence, uniq_sigmund

Skill      XL: |  1  2 |
---------------+-------+-----
Earth Magic    | 4 |  4.4
Fighting       | 1 |  1.2
Dodging        | |  1.5
Stealth        | |  2.7
Spellcasting   | |  2.3
Transmutations | |  0.7

Action                   || total
-------------------------++-------
Melee: Unarmed           ||     1
       Dagger            ||    17
 Fire: Hunting sling     ||    24
 Cast: Sandblast         ||    43
  Use: Scroll            ||     1
 Stab: Sleeping          ||     1
Armor: Robe              ||    26
Dodge: Dodged            ||    33

Table legend: (Time is in decaauts)
 A = Elapsed time spent in this place.
 B = Non-inter-level travel time spent in this place.
 C = Inter-level travel time spent in this place.
 D = Time resting spent in this place.
 E = Time spent auto-exploring this place.
 F = Levels seen in this place.
 G = Mean time per level.
                   A        B        C        D        E       F      G
               +--------+--------+--------+--------+--------+-----+--------+
         Total |   1077 |   1063 |     14 |     45 |    802 |   2 |  538.5 |
       Dungeon |   1077 |   1063 |     14 |     45 |    802 |   2 |  538.5 |
               +--------+--------+--------+--------+--------+-----+--------+

Top non-repeatable levels by time:
     D:1: 970 daAuts
     D:2: 107 daAuts
